 Dungeon Crawl Stone Soup version 0.28-a0-631-g0446da8ef9 (webtiles) character file.

Game seed: 3114102319082766834

14 tatocazan the Skirmisher (level 2, 22/24 HPs)
             Began as a Demonspawn Fighter on Oct 9, 2021.
             Got out of the dungeon alive.
             The game lasted 00:00:27 (252 turns).

tatocazan the Skirmisher (Demonspawn Fighter)        Turns: 252, Time: 00:00:28

Health: 22/24      AC:  6    Str: 16    XL:     2   Next: 27%
Magic:  2/2        EV:  9    Int:  9    God:
Gold:   0          SH:  4    Dex: 12    Spells: 1/1 levels left

rFire   . . .      SeeInvis .   a - +0 war axe
rCold   . . .      Faith    .   c - +0 buckler
rNeg    . . .      Spirit   .   b - +0 scale mail
rPois   .          Reflect  .   (no helmet)
rElec   .          Harm     .   (no cloak)
rCorr   .          Rampage  .   (no gloves)
Will    .....                   (no boots)
Stlth   ..........              (no amulet)
HPRegen 0.08/turn               (no ring)
MPRegen 0.08/turn               (no ring)

@: no status effects
A: hooves 1
a: no special abilities


You escaped.
You visited 1 branch of the dungeon, and saw 1 of its levels.

Inventory:

Hand Weapons
 a - a +0 war axe (weapon)
Armour
 b - a +0 scale mail (worn)
 c - a +0 buckler (worn)
Scrolls
 e - a scroll of identify {unknown}
Potions
 d - a potion of might


   Skills:
 + Level 3.1 Fighting
 + Level 2.0 Axes
 + Level 2.9 Armour
 + Level 2.8 Shields


You had one spell level left.
You didn't know any spells.
Your spell library was empty.

Dungeon Overview and Level Annotations

Branches:
Dungeon (1/15)

Altars:


Innate Abilities, Weirdness & Mutations

You have large cloven feet.


Message History

The hobgoblin barely misses you. You block the hobgoblin's attack.
You take 1 damage, and have 19/24 hp.
You hit the hobgoblin.
You kill the hobgoblin!
Your shield and scale mail prevent you from hitting the kobold.
The kobold barely misses you. You block the kobold's attack.
You slash the kobold!
You kill the kobold!
The giant cockroach barely misses you.
You hit the giant cockroach.
The giant cockroach is moderately wounded.
You block the giant cockroach's attack. The giant cockroach barely misses you.
You hit the giant cockroach.
You kick the giant cockroach, but do no damage.
The giant cockroach is severely wounded.
You block the giant cockroach's attack.
The giant cockroach bites you but does no damage.
You slash the giant cockroach!
You kill the giant cockroach!
No target in view!
No target in view!
No target in view!
No target in view!
No target in view!
No target in view!
No target in view!
No target in view!
No target in view!
No target in view!
No target in view!
No target in view!
You see here a ball python corpse.
You see here a ball python corpse.
Things that are here:
a +0 short sword; 5 stones; a kobold skeleton
There is an open door here.
There is a staircase leading out of the dungeon here.
You regained 3 hp, and now have 22/24 hp.
Are you sure you want to leave the Dungeon?
This will make you lose the game!
You have escaped!

#.#.##.#####.#
##..##.# #)#
##.##.### #.#
#......###.####.#
#..#.#.#..........
#.#######'#######..
#.##.............#
.# #...##...##...#
# #>).##...##..@#
#..........≈≈≈#
#.........≈≈≈≈#
#⌠.....⌠.≈≈≈≈⌠#
###############


There were no monsters in sight!

Vanquished Creatures
  2 ball pythons (D:1)
  An endoplasm (D:1)
  A giant cockroach (D:1)
  A hobgoblin (D:1)
  3 jackals (D:1)
  2 kobolds (D:1)
  A bat (D:1)
  A rat (D:1)
12 creatures vanquished.

Notes
Turn   | Place    | Note
-------+----------+-------------------------------------------
     0 | D:1      | tatocazan the Demonspawn Fighter began the quest for the
                  | Orb.
     0 | D:1      | Reached XP level 1. HP: 18/18 MP: 1/1
   187 | D:1      | Gained mutation: You have large cloven feet. [demonic
                  | ancestry]
   187 | D:1      | Reached XP level 2. HP: 19/24 MP: 2/2
   252 | D:$      | Got out of the dungeon alive.

Illustrated notes

Levels and vault maps discovered:
D:1:      amcnicky_arrival_flooded_fountain, layout_loops_ring,
          shapermc_ecumenical_altar_hornbeckon, glass_columns_c,
          serial_bayou_pond_a

Skill      XL: |  1 |
---------------+----+-----
Axes           | 2 |  2.0
Fighting       | |  3.1
Armour         | |  2.9
Shields        | |  2.8

Action                   || total
-------------------------++-------
Melee: War axe           ||    41
       Kick              ||     4
Armor: Scale mail        ||    14
Dodge: Dodged            ||    27
Block: Buckler           ||    17

Table legend: (Time is in decaauts)
 A = Elapsed time spent in this place.
 B = Non-inter-level travel time spent in this place.
 C = Inter-level travel time spent in this place.
 D = Time resting spent in this place.
 E = Time spent auto-exploring this place.
 F = Levels seen in this place.
 G = Mean time per level.
                   A        B        C        D        E       F      G
               +--------+--------+--------+--------+--------+-----+--------+
         Total |    269 |    236 |     33 |      0 |    141 |   1 |  269.0 |
       Dungeon |    269 |    236 |     33 |      0 |    141 |   1 |  269.0 |
               +--------+--------+--------+--------+--------+-----+--------+

Top non-repeatable levels by time:
     D:1: 269 daAuts
